MLB
BALTIMORE ORIOLES @ SEATTLE MARINERS
03/09/2099
 
TOP OF THE 1ST
Baltimore Orioles batting - Pitching for Seattle Mariners : LHP Luis Lopez
Pitching: LHP Luis Lopez
Batting: LHB Jeremy Marshall 0-0: Called Strike
0-1: Ball
1-1: Swinging Strike
1-2: Ball
2-2: Foul Ball, location: 2F
2-2: Strikes out swinging
Batting: LHB Jerry Peterson 0-0: Ball
1-0: Foul Ball, location: 2F
1-1: Ball
2-1: Ball
3-1: Called Strike
3-2: Ground out 4-3 (Groundball, 4S, EV 83.1 MPH)
Batting: RHB Eduardo Lopez 0-0: Called Strike
0-1: Called Strike
0-2: Ball
1-2: Ball
2-2: Fly out, F9 (Flyball, 9LS, EV 89.4 MPH)
Top of the 1st over - 0 runs, 0 hits, 0 errors, 0 left on base; Baltimore 0 - Seattle 0
BOTTOM OF THE 1ST
Seattle Mariners batting - Pitching for Baltimore Orioles : RHP Chris Sable
Pitching: RHP Chris Sable
Batting: LHB Jon Garza 0-0: Ball
1-0: Called Strike
1-1: DOUBLE (Line Drive, 89M, EV 108.1 MPH)
Batting: LHB Keith Bundy 0-0: Ground out 4-3 (Groundball, 4, EV 97.5 MPH)
Jon Garza to third
Batting: LHB Manuel Sanchez 0-0: Called Strike
0-1: Ball
1-1: Ball
2-1: Swinging Strike
2-2: SINGLE (Line Drive, 34D, EV 105.6 MPH)
Jon Garza scores
Batting: RHB Jaime Callahan 0-0: Called Strike
0-1: Ball
1-1: Called Strike
1-2: Ball
2-2: Strikes out looking
Batting: RHB Jonathan Becktell 0-0: Called Strike
0-1: Ball
1-1: Called Strike
1-2: Ball
Manuel Sanchez is caught stealing 2nd base 2-4
Bottom of the 1st over - 1 run, 2 hits, 0 errors, 0 left on base; Baltimore 0 - Seattle 1
TOP OF THE 2ND
Baltimore Orioles batting - Pitching for Seattle Mariners : LHP Luis Lopez
Batting: RHB Travis Darling 0-0: Called Strike
0-1: Ball
1-1: Ball
2-1: Foul Ball, location: 2F
2-2: Strikes out looking
Pitching: LHP Rick Hutson
Batting: LHB Kenny West 0-0: Ball
1-0: Swinging Strike
1-1: Swinging Strike
1-2: Fly out, F8 (Flyball, 8LD, EV 103.1 MPH)
Batting: LHB Dave Schwabe 0-0: Ground out U3 (Groundball, 3L, EV 101.9 MPH)
Top of the 2nd over - 0 runs, 0 hits, 0 errors, 0 left on base; Baltimore 0 - Seattle 1
BOTTOM OF THE 2ND
Seattle Mariners batting - Pitching for Baltimore Orioles : RHP Chris Sable
Batting: RHB Jonathan Becktell 0-0: Foul Ball, location: 9LDF
0-1: Ball
1-1: Ground out 4-3 (Groundball, 4S, EV 73.1 MPH)
Batting: LHB Omar Perez 0-0: Swinging Strike
0-1: Ball
1-1: SINGLE (Line Drive, 7S, EV 98.1 MPH)
Batting: LHB Tim Larsen 0-0: Foul Ball, location: 2F
0-1: Ball
1-1: Ball
2-1: Ball
3-1: Foul Ball, location: 3FF
3-2: Strikes out swinging
Omar Perez steals 2nd base
Batter strikes out.
Batting: RHB Brad Bargfrede 0-0: Called Strike
0-1: Called Strike
0-2: Foul Ball, location: 9LSF
0-2: Ball
1-2: Foul Ball, location: 5DF
1-2: Foul Ball, location: 7LSF
1-2: Ball
2-2: Foul Ball, location: 9LSF
2-2: Strikes out swinging
Bottom of the 2nd over - 0 runs, 1 hit, 0 errors, 1 left on base; Baltimore 0 - Seattle 1
TOP OF THE 3RD
Baltimore Orioles batting - Pitching for Seattle Mariners : LHP Rick Hutson
Batting: SHB Josh Osborne 0-0: Called Strike
0-1: Ball
1-1: Foul Ball, location: 2F
1-2: Ball
2-2: Ball
3-2: Strikes out swinging
Batting: RHB Danny Haner 0-0: Ball
1-0: Ball
2-0: Foul Ball, location: 2F
2-1: Called Strike
2-2: Fly out, F6 (Popup, P, EV 90.0 MPH)
Batting: RHB Lee Board 0-0: Foul Ball, location: 3F
0-1: Foul Ball, location: 3F
0-2: Foul Ball, location: 9LSF
0-2: Fly out, F9 (Line Drive, 89M, EV 93.1 MPH)
Top of the 3rd over - 0 runs, 0 hits, 0 errors, 0 left on base; Baltimore 0 - Seattle 1
BOTTOM OF THE 3RD
Seattle Mariners batting - Pitching for Baltimore Orioles : RHP Chris Sable
Batting: RHB John Ables 0-0: Foul Ball, location: 9LDF
0-1: Ball
1-1: SINGLE (Groundball, 4M, EV 104.4 MPH) (infield hit)
Batting: LHB Jon Garza 0-0: Ball
1-0: Called Strike
1-1: Called Strike
1-2: Strikes out swinging
Batting: LHB Keith Bundy 0-0: Ball
1-0: Ball
2-0: SINGLE (Groundball, 5S, EV 66.3 MPH) (infield hit)
John Ables to second
Batting: LHB Manuel Sanchez 0-0: Foul Ball, location: 25FF
0-1: Foul Ball, location: 2F
0-2: DOUBLE (Flyball, 8RXD, EV 95.0 MPH)
John Ables scores
Keith Bundy to third
Runner from 3rd tries for Home, throw by CF and OUT! 8-4-2
Manuel Sanchez to third
Batting: RHB Jaime Callahan 0-0: Called Strike
0-1: Ball
1-1: SINGLE (Groundball, 4MD, EV 105.0 MPH)
Manuel Sanchez scores
Batting: RHB Jonathan Becktell 0-0: Ball
1-0: Ground out 5-3 (Groundball, 56S, EV 93.8 MPH)
Bottom of the 3rd over - 2 runs, 4 hits, 0 errors, 1 left on base; Baltimore 0 - Seattle 3
TOP OF THE 4TH
Baltimore Orioles batting - Pitching for Seattle Mariners : LHP Rick Hutson
Batting: LHB Jeremy Marshall 0-0: Called Strike
0-1: Foul Ball, location: 2F
0-2: Ball
1-2: Ball
2-2: Foul Ball, location: 2F
2-2: Ball
3-2: Fly out, F9 (Flyball, 89S, EV 98.1 MPH)
Batting: LHB Jerry Peterson 0-0: Ball
1-0: Ground out 4-3 (Groundball, 4, EV 87.5 MPH)
Batting: RHB Eduardo Lopez 0-0: Ground out 6-3 (Groundball, 6, EV 93.1 MPH)
Top of the 4th over - 0 runs, 0 hits, 0 errors, 0 left on base; Baltimore 0 - Seattle 3
BOTTOM OF THE 4TH
Seattle Mariners batting - Pitching for Baltimore Orioles : RHP Chris Sable
Batting: LHB Omar Perez 0-0: SINGLE (Groundball, 34D, EV 96.9 MPH)
Batting: LHB Tim Larsen 0-0: Called Strike
Pickoff Throw to First - Out! 1-3
0-1: Ball
1-1: Foul Ball, location: 2F
1-2: Ground out 4-3 (Groundball, 4, EV 103.8 MPH)
Batting: RHB Brad Bargfrede 0-0: Foul Ball, location: 7LSF
0-1: SOLO HOME RUN (Flyball, 8RXD, EV 111.9 MPH), Distance : 441 ft
Batting: RHB John Ables 0-0: Called Strike
0-1: Foul Ball, location: 2F
0-2: Foul Ball, location: 2F
0-2: Ball
1-2: Ball
2-2: Foul Ball, location: 2F
2-2: Foul Ball, location: 2F
2-2: Ball
3-2: Base on Balls
Pinch Hitting: LHB Ben Foster 0-0: Called Strike
0-1: Swinging Strike
0-2: Fly out, F7 (Line Drive, 7, EV 105.6 MPH)
Bottom of the 4th over - 1 run, 2 hits, 0 errors, 1 left on base; Baltimore 0 - Seattle 4
TOP OF THE 5TH
Baltimore Orioles batting - Pitching for Seattle Mariners : LHP Rick Hutson
Pitching: RHP Cole Campbell
Now in CF: Ben Foster
Batting: RHB Travis Darling 0-0: Foul Ball, location: 2F
0-1: Ball
1-1: Foul Ball, location: 9LSF
1-2: Foul Ball, location: 9LDF
1-2: Fly out, F9 (Flyball, 9, EV 80.6 MPH)
Batting: LHB Kenny West 0-0: Swinging Strike
0-1: Foul Ball, location: 2RF
0-2: Foul Ball, location: 2F
0-2: Strikes out looking
Batting: LHB Dave Schwabe 0-0: Called Strike
0-1: Ball
1-1: Swinging Strike
1-2: Ground out 6-3 (Groundball, 6MS, EV 92.5 MPH)
Top of the 5th over - 0 runs, 0 hits, 0 errors, 0 left on base; Baltimore 0 - Seattle 4
BOTTOM OF THE 5TH
Seattle Mariners batting - Pitching for Baltimore Orioles : RHP Chris Sable
Now at C: Bobby Warner
Now in LF: Rafael Garza
Now in CF: Danny Haner
Batting: LHB Keith Bundy 0-0: Ball
1-0: Called Strike
1-1: Ground out U3 (Groundball, 34, EV 102.5 MPH)
Pinch Hitting: LHB Juan Aranda 0-0: Ball
1-0: Ball
2-0: SINGLE (Line Drive, 7S, EV 104.4 MPH)
Batting: RHB Jaime Callahan 0-0: Ball
Juan Aranda steals 2nd base
1-0: Called Strike
1-1: Foul Ball, location: 9LMF
1-2: Strikes out swinging
Pinch Hitting: RHB Joe Weber 0-0: Called Strike
0-1: Ball
1-1: Foul Ball, location: 2F
1-2: Strikes out swinging
Bottom of the 5th over - 0 runs, 1 hit, 0 errors, 1 left on base; Baltimore 0 - Seattle 4
TOP OF THE 6TH
Baltimore Orioles batting - Pitching for Seattle Mariners : RHP Cole Campbell
Now at C: Danny Dominguez
Now at 2B: Joe Weber
Now in LF: Juan Aranda
Now in RF: Dan Shell
Batting: SHB Josh Osborne 0-0: Ball
1-0: Fly out, F9 (Flyball, 9S, EV 86.9 MPH)
Batting: RHB Danny Haner 0-0: Ball
1-0: Foul Ball, location: 5FF
1-1: Ball
2-1: Swinging Strike
2-2: Strikes out looking
Pinch Hitting: LHB Nate Wagner 0-0: Called Strike
0-1: Swinging Strike
0-2: Ball
1-2: Ball
2-2: Ball
3-2: Fly out, F8 (Flyball, 8RXD, EV 105.6 MPH)
Top of the 6th over - 0 runs, 0 hits, 0 errors, 0 left on base; Baltimore 0 - Seattle 4
BOTTOM OF THE 6TH
Seattle Mariners batting - Pitching for Baltimore Orioles : RHP Chris Sable
Pitching: RHP Brent Brzezinski
Now at 2B: Jonathan Skye
Pinch Hitting: RHB Rick Norman 0-0: Called Strike
0-1: Called Strike
0-2: Ball
1-2: Ball
2-2: Ball
3-2: Fly out, F9 (Flyball, 9, EV 88.8 MPH)
Pitching: RHP Justin Flowers
Pinch Hitting: RHB Kenny Dahl 0-0: Called Strike
0-1: Ball
1-1: SINGLE (Groundball, 4, EV 103.1 MPH) (infield hit)
Batting: RHB Dan Shell 0-0: Ball
1-0: Ball
2-0: Called Strike
2-1: SINGLE (Groundball, 56D, EV 98.1 MPH)
Kenny Dahl to second
Pinch Hitting: RHB Alan Burdett 0-0: Called Strike
0-1: Ball
1-1: Fielders Choice at 2nd, 6-4 (Groundball, 56, EV 106.9 MPH)
Kenny Dahl to third
Batting: LHB Ben Foster 0-0: Called Strike
0-1: Ball
1-1: Foul Ball, location: 2F
1-2: Foul Ball, location: 2RF
1-2: Fly out, F9 (Flyball, 9LM, EV 111.9 MPH)
Bottom of the 6th over - 0 runs, 2 hits, 0 errors, 2 left on base; Baltimore 0 - Seattle 4
TOP OF THE 7TH
Baltimore Orioles batting - Pitching for Seattle Mariners : RHP Cole Campbell
Pitching: RHP Mike Hartnagel
Now at 1B: Rick Norman
Now at 2B: Alan Burdett
Now at 3B: Sean Boyd
Now at SS: Joe Weber
Batting: SHB Rafael Garza 0-0: Called Strike
0-1: Ball
1-1: Ball
2-1: Ball
3-1: Base on Balls
Batting: RHB Bobby Warner 0-0: Swinging Strike
0-1: Swinging Strike
0-2: Strikes out looking
Batting: RHB Eduardo Lopez 0-0: SINGLE (Flyball, 89M, EV 83.1 MPH)
Rafael Garza to second
Runner from 2nd tries for 3rd, SAFE, throw by RF made to third
Pitching: RHP Gary Kennedy
Batting: RHB Travis Darling 0-0: Foul Ball, location: 3F
0-1: Swinging Strike
0-2: Ball
Wild Pitch!
Rafael Garza scores
Eduardo Lopez to second
1-2: Ball
2-2: Strikes out swinging
Batting: LHB Kenny West 0-0: Called Strike
0-1: Ball
1-1: Swinging Strike
1-2: Strikes out looking
Top of the 7th over - 1 run, 1 hit, 0 errors, 1 left on base; Baltimore 1 - Seattle 4
BOTTOM OF THE 7TH
Seattle Mariners batting - Pitching for Baltimore Orioles : RHP Justin Flowers
Pitching: RHP Willie Lopez
Batting: LHB Matt Hicks 0-0: Foul Ball, location: 3F
0-1: Called Strike
0-2: SINGLE (Groundball, 34D, EV 104.4 MPH)
Batting: LHB Juan Aranda 0-0: Called Strike
0-1: Fly out, F7 (Flyball, 7LM, EV 88.8 MPH)
Batting: RHB Danny Dominguez 0-0: Called Strike
0-1: Foul Ball, location: 2F
0-2: Foul Ball, location: 2F
0-2: Ball
1-2: Ball
2-2: Fly out, F5 (Popup, 5S, EV 83.1 MPH)
Batting: RHB Joe Weber 0-0: Ball
1-0: Called Strike
1-1: Ball
2-1: Foul Ball, location: 5FF
2-2: Foul Ball, location: 9LDF
2-2: Ball
3-2: Base on Balls
Matt Hicks to second
Batting: RHB Rick Norman 0-0: Called Strike
0-1: Ball
1-1: Called Strike
1-2: Foul Ball, location: 2LF
1-2: Ball
2-2: Ball
3-2: Fly out, F8 (Flyball, 8LM, EV 100.0 MPH)
Bottom of the 7th over - 0 runs, 1 hit, 0 errors, 2 left on base; Baltimore 1 - Seattle 4
TOP OF THE 8TH
Baltimore Orioles batting - Pitching for Seattle Mariners : RHP Gary Kennedy
Batting: LHB Dave Schwabe 0-0: Ball
1-0: Ground out 3-1 (Groundball, 34, EV 82.5 MPH)
Batting: SHB Josh Osborne 0-0: Ball
1-0: Called Strike
1-1: Swinging Strike
1-2: Ball
2-2: Strikes out swinging
Batting: RHB Danny Haner 0-0: Ball
1-0: Foul Ball, location: 2F
1-1: Swinging Strike
1-2: Ball
2-2: Ball
3-2: Strikes out looking
Top of the 8th over - 0 runs, 0 hits, 0 errors, 0 left on base; Baltimore 1 - Seattle 4
BOTTOM OF THE 8TH
Seattle Mariners batting - Pitching for Baltimore Orioles : RHP Willie Lopez
Pitching: RHP Matt Gromaski
Batting: RHB Sean Boyd 0-0: Ball
1-0: Foul Ball, location: 5FF
1-1: Called Strike
1-2: Ground out 6-3 (Groundball, 6MS, EV 85.0 MPH)
Batting: RHB Dan Shell 0-0: Fly out, F7 (Flyball, 7, EV 89.4 MPH)
Batting: RHB Alan Burdett 0-0: Called Strike
0-1: Called Strike
0-2: Ball
1-2: Ball
2-2: SINGLE (Line Drive, 6M, EV 100.0 MPH)
Batting: LHB Ben Foster 0-0: Called Strike
0-1: Foul Ball, location: 3FF
0-2: Strikes out swinging
Bottom of the 8th over - 0 runs, 1 hit, 0 errors, 1 left on base; Baltimore 1 - Seattle 4
TOP OF THE 9TH
Baltimore Orioles batting - Pitching for Seattle Mariners : RHP Gary Kennedy
Pitching: RHP Nate Sharp
Batting: RHB Jonathan Skye 0-0: Reached on error, E6 (Groundball, 6, EV 106.9 MPH)
Batting: SHB Rafael Garza 0-0: Fly out, F9 (Flyball, 9D, EV 111.3 MPH)
Batting: RHB Bobby Warner 0-0: Ball
1-0: Ball
2-0: Fly out, F7 (Flyball, 7D, EV 102.5 MPH)
Batting: RHB Eduardo Lopez 0-0: Ball
1-0: Called Strike
1-1: Ball
2-1: Ground out 4-3 (Groundball, 4, EV 105.0 MPH)
Top of the 9th over - 0 runs, 0 hits, 1 error, 1 left on base; Baltimore 1 - Seattle 4
Tuesday, April 30th , 2024 - OOTP Baseball 24.11 Build 85